 Dungeon Crawl Stone Soup version 0.23.2-1-ga50397a (webtiles) character file.

Game seed: 3851712566277639621

169 shadizar the Shield-Bearer (level 5, -1/33 HPs)
             Began as a Gargoyle Fighter on May 25, 2019.
             Slain by an ogre
             ... wielding a +0 giant club
              (12 damage)
             ... on level 4 of the Dungeon.
             The game lasted 00:03:54 (2705 turns).

shadizar the Shield-Bearer (Gargoyle Fighter)       Turns: 2705, Time: 00:03:55

Health: -1/33      AC: 11    Str: 20    XL:     5   Next: 50%
Magic:  5/5        EV:  8    Int:  9    God:
Gold:   135        SH:  9    Dex:  9    Spells: 4/4 levels left

rFire    . . .     SeeInvis .   a - +0 flail
rCold    . . .     Gourm    .   c - +0 shield
rNeg     + . .     Faith    .   b - +0 scale mail
rPois    ∞         Spirit   .   (no helmet)
rElec    +         Reflect  .   (no cloak)
rCorr    .         Harm     .   (no gloves)
MR       .....                  (no boots)
Stlth    ..........             (no amulet)
HPRegen  0.11/turn              (no ring)
MPRegen  0.09/turn              (no ring)

@: no status effects
A: negative energy resistance 1, electricity resistance, unbreathing,
petrification resistance, rot immunity, AC +4
a: no special abilities


You were on level 4 of the Dungeon.
You were near starving.

You visited 1 branch of the dungeon, and saw 4 of its levels.

You collected 135 gold pieces.

Inventory:

Hand Weapons
 a - a +0 flail (weapon)
Armour
 b - a +0 scale mail (worn)
 c - a +0 shield (worn)
 g - a +0 plate armour
 i - a +2 hat
Jewellery
 j - a cursed ring of teleportation {unknown}
Scrolls
 e - 5 scrolls of remove curse {unknown}
 l - a scroll of noise {unknown}
 m - 4 scrolls of identify {unknown}
 o - a scroll of random uselessness {unknown}
 s - a scroll of fear {unknown}
Potions
 d - a potion of might
 h - a potion of ambrosia {unknown}
 k - a potion of haste {unknown}
 n - a potion of degeneration {unknown}
 p - a potion of mutation {unknown}
 q - a potion of resistance {unknown}
 r - a potion of agility {unknown}
Comestibles
 f - 9 rations


   Skills:
 + Level 4.1 Fighting
 + Level 3.0 Maces & Flails
 + Level 4.1 Armour
 + Level 1.5 Dodging
 + Level 4.2 Shields


You had 4 spell levels left.
You didn't know any spells.
Your spell library was empty.

Dungeon Overview and Level Annotations

Branches:
Dungeon (4/15)
 Temple: D:4-7

Altars:
Elyvilon
Kikubaaqudgha
Qazlal
Ru
Trog
Uskayaw
Wu Jian


Innate Abilities, Weirdness & Mutations

You are resistant to torment.
Your stone body is resilient. (AC +4)
You are immune to poison.
You resist negative energy. (rN+)
You are resistant to electric shocks. (rElec)
You can survive without breathing.
You are immune to petrification.
You are immune to rotting.


Message History

You block the ogre's attack.
There is a stone staircase leading up here.
The ogre hits you with a +0 giant club!
You climb upwards.
There is a stone staircase leading down here.
Unknown command.
There is an escape hatch in the floor here.
The ogre hits you with a +0 giant club.
You slide downwards.
The hatch slams shut behind you.
Unknown command.
There is an open door here.
The ogre hits you but does no damage.
There is an open door here.
The ogre hits you with a +0 giant club!!
Ouch! That really hurt!
There is an open door here.
You are near starving!
There is a stone staircase leading up here.
The ogre hits you with a +0 giant club!
You die...

#...........##....#.....#
#...........##....#.....#
#..##..##...##....#.....# ##
#..######...##....'.....# #..
+...#.......#.....#.....# #..
#...'......[#.....#.....# #..
##'###'############.....#
#..###.##......####.......###
#.......+...O@.'..#(......#
#.......#......#..#.......#
#...#####......#..#.......#
#... ..........#..'.......#
## .....
..........####.......#...
.......
................##'###...
#####..
....######......#........ ...
#### #......#........ ...
#......###.###.#


You could see an ogre.

Vanquished Creatures
  A jelly (D:3)
  An orc priest (D:3)
  3 adders
  2 worms
  A dart slug (D:4)
  2 leopard geckos
  3 orcs (D:3)
  A ball python (D:2)
  3 bat zombies (D:4)
  7 giant cockroaches
  7 goblins
  4 hobgoblins
  4 jackals (D:3)
  A quokka (D:4)
  8 bats
  6 frilled lizards
  8 kobolds
  A leopard gecko skeleton (D:4)
  5 rats
68 creatures vanquished.

Notes
Turn   | Place    | Note
-------+----------+-------------------------------------------
     0 | D:1      | shadizar the Gargoyle Fighter began the quest for the Orb.
     0 | D:1      | Reached XP level 1. HP: 14/14 MP: 1/1
   264 | D:1      | Reached XP level 2. HP: 17/19 MP: 2/2
   951 | D:2      | Reached XP level 3. HP: 22/23 MP: 3/3
  1129 | D:2      | Found a hide-covered altar of Uskayaw.
  1129 | D:2      | Found a bloodstained altar of Trog.
  1129 | D:2      | Found a stormy altar of Qazlal.
  1474 | D:2      | Reached skill level 1 in Dodging
  1474 | D:2      | Reached XP level 4. HP: 25/29 MP: 4/4
  1810 | D:3      | Reached XP level 5. HP: 19/33 MP: 5/5
  1850 | D:3      | Found a sacrificial altar of Ru.
  1923 | D:3      | Found an ornate altar of the Wu Jian Council.
  2261 | D:4      | Found a white marble altar of Elyvilon.
  2390 | D:4      | Found an ancient bone altar of Kikubaaqudgha.
  2395 | D:4      | Noticed an ogre
  2705 | D:4      | Slain by an ogre

Skill      XL: |  1  2  3  4  5 |
---------------+----------------+-----
Dodging        | 1 |  1.5
Armour         | 4 |  4.1
Shields        | 4 |  4.2
Fighting       | 4 |  4.1
Maces & Flails | 3 |  3.0

Action                   |  1- 3 |  4- 6 || total
-------------------------+-------+-------++-------
Melee: Flail             |   202 |   128 ||   330
  Eat: Chunk             |     2 |     3 ||     5
Armor: Scale mail        |   111 |    80 ||   191
Dodge: Dodged            |    77 |    67 ||   144
Block: Shield            |   116 |    88 ||   204
